 Dungeon Crawl Stone Soup version 0.29-a0-275-g389c0b56f3 (webtiles) character file.

Game seed: 15043623377962428341

18 spaghetti the Skirmisher (level 2, 0/24 HPs)
             Began as a Demonspawn Chaos Knight on Mar 12, 2022.
             Was a Plaything of Xom.
             Succumbed to a killer bee's poison
             ... on level 1 of the Dungeon.
             The game lasted 00:01:30 (688 turns).

spaghetti the Skirmisher (Demonspawn Chaos Knight)   Turns: 688, Time: 00:01:31

Health: 0/24       AC:  5    Str: 12    XL:     2   Next: 51%
Magic:  2/2        EV: 12    Int:  9    God:    Xom [......]
Gold:   19         SH:  4    Dex: 12    Spells: 1/1 levels left

rFire   + . .      SeeInvis .   a - +0 short sword (chaos) {short}
rCold   . . .      Faith    .   (no shield)
rNeg    . . .      Spirit   .   b - +2 leather armour
rPois   .          Reflect  .   (no helmet)
rElec   .          Harm     .   (no cloak)
rCorr   .          Rampage  .   (no gloves)
Will    .....      Rage     1%  (no boots)
Stlth   +.........              (no amulet)
HPRegen 0.08/turn               (no ring)
MPRegen 0.08/turn               (no ring)

@: lethally poisoned (0 -> -8)
A: ignite blood 1, large bone plates 1, berserk 1, dopey 2, fire resistance 1
a: Renounce Religion


You were on level 1 of the Dungeon.
You worshipped Xom.
You were a very special plaything of Xom.
You visited 1 branch of the dungeon, and saw 1 of its levels.

You collected 19 gold pieces.


Innate Abilities, Weirdness & Mutations

Your demonic aura sometimes causes spilled blood to erupt in flames.
You are partially covered in large bone plates. (SH +4)
You tend to lose your temper in combat.
You are very dopey. (Int -4)
Your flesh is heat resistant. (rF+)


   Skills:
 - Level 3.0 Fighting
 - Level 2.6 Short Blades
 - Level 1.7 Armour
 + Level 2.3 Dodging


You had one spell level left.
You didn't know any spells.
Your spell library was empty.

Inventory:

Hand Weapons
 a - a +0 short sword of chaos (weapon) {short}
Missiles
 i - 20 stones {throwing}
Armour
 b - a +2 leather armour (worn)
Magical Staves
 h - a staff of air {!astaff}
   (You found it on level 1 of the Dungeon)
Scrolls
 d - a scroll of torment {unknown}
 e - a scroll of summoning {unknown}
Miscellaneous
 c - a piece from Xom's chessboard (15/15) (quivered)

Dungeon Overview and Level Annotations

Branches:
Dungeon (1/15)

Altars:

..............#.........
..............#.........
..............#....!....
###...........#.........
#...........#.........
##....................
#########.#..........
#.#..........
#.#..@.......
#.#..........
#.##.y.>.....
..##........#
####.######## #.# #.# #.
#.


You could see a killer bee (slow).


Message History

You see here a scroll labelled ITRENG DILEGIBAEJI.
j - a scroll labelled ITRENG DILEGIBAEJI
As you read the scroll labelled ITRENG DILEGIBAEJI, it crumbles to dust.
It is a scroll of amnesia.
You feel forgetful for a moment.
As you read the scroll labelled ZEOTIUMODE, it crumbles to dust.
Magic quickly surges around you.
It was a scroll of vulnerability.
The giant cockroach barely misses you.
Unknown command.
You hit the giant cockroach but do no damage.
The giant cockroach is poisoned.
The giant cockroach barely misses you.
You closely miss the giant cockroach.
You kill the giant cockroach!
A giant cockroach comes into view.
A giant cockroach is nearby!
A giant cockroach is nearby!
You closely miss the giant cockroach. The giant cockroach closely misses you.
The giant cockroach bites you but does no damage.
You hit the giant cockroach but do no damage.
The giant cockroach misses you.
You hit the giant cockroach. You burn the giant cockroach.
Your headbutt misses the giant cockroach.
The giant cockroach closely misses you.
You hit the giant cockroach.
The giant cockroach suddenly seems more agile.
The giant cockroach barely misses you.
A giant cockroach is nearby!
You hit the giant cockroach.
You kill the giant cockroach!
A ball python comes into view.
Found an escape hatch in the floor.
The ball python hisses angrily.
A ball python is nearby!
A ball python is nearby!
You feel your willpower return.
A bat comes into view.
The ball python barely misses you. The ball python closely misses you.
You closely miss the ball python. You headbutt the ball python.
You kill the ball python!
The bat barely misses you. The bat closely misses you.
The bat hits you but does no damage.
You hit the bat.
The bat suddenly seems more agile.
The bat barely misses you. The bat barely misses you.
You hit the bat but do no damage. The bat hits you but does no damage.
You miss the bat. The bat hits you but does no damage. The bat misses you.
You closely miss the bat. Your headbutt misses the bat.
The bat hits you but does no damage. The bat closely misses you.
You miss the bat. Your punch misses the bat. The bat hits you. 😕 HP[-1]
You take 1 damage, and now have 23/24 hp.
The bat hits you but does no damage.
You hit the bat but do no damage.
The bat evaporates and reforms as a killer bee!
The killer bee barely misses you.
You miss the killer bee. You headbutt the killer bee.
The killer bee stings you!
The killer bee stings you but does no damage. 😮 HP[-7]
You take 7 damage, and now have 16/24 hp.
MASSIVE DAMAGE!! (PAUSE)
You miss the killer bee. Your headbutt misses the killer bee.
The killer bee barely misses you.
The killer bee stings you but does no damage.
You barely miss the killer bee. Your headbutt misses the killer bee.
The killer bee stings you.
* * * LOW HITPOINT WARNING * * *
The killer bee stings you.
* * * LOW HITPOINT WARNING * * *
😱 HP[-10]
You take 10 damage, and now have 6/24 hp.
MASSIVE DAMAGE!! (PAUSE) It was a potion of mutation.
You feel extremely strange.
You feel stronger. The horns on your head shrink away.
Large bone plates grow over parts of your arms.
You feel a little pissed off.
You feel stupid.
You feel resistant to heat. The killer bee closely misses you.
You block the killer bee's attack.
Okay, then.
You aren't carrying any potions.
Okay, then.
You closely miss the killer bee. The killer bee closely misses you.
You block the killer bee's attack.
Okay, then.
You closely miss the killer bee. You block the killer bee's attack.
The killer bee closely misses you. 😨 HP[+1]
You aren't carrying any potions.
Okay, then.
You hit the killer bee but do no damage.
The killer bee seems to slow down.
You block the killer bee's attack.
You miss the killer bee. The killer bee stings you.
* * * LOW HITPOINT WARNING * * *
You are lethally poisoned!
The killer bee poisons you! The killer bee misses you. 😱 HP[-5]
You take 5 damage, and now have 2/24 hp.
MASSIVE DAMAGE!! (PAUSE)
You die...
Xom chortles!

Skill      XL: |  1  2 |
---------------+-------+-----
Dodging        | 1 2 |  2.3
Fighting       | |  3.0
Short Blades   | |  2.6
Armour         | |  1.7

Action                   || total
-------------------------++-------
Melee: Short sword       ||    58
       Headbutt          ||     2
Evoke: Piece from Xom's  ||     1
  Use: Scroll            ||     3
       Potion            ||     1
Armor: Leather armour    ||    20
Dodge: Dodged            ||    41
Block: Other             ||     4

Levels and vault maps discovered:
D:1:      matt_arrival_los_fun, layout_basic

Notes
Turn   | Place    | Note
-------+----------+-------------------------------------------
     0 | D:1      | spaghetti the Demonspawn Chaos Knight began the quest for
                  | the Orb.
     0 | D:1      | Reached XP level 1. HP: 18/18 MP: 1/1
     0 | D:1      | magus.rc [v1.9.6]
    76 | D:1      | Reached skill level 1 in Dodging
   106 | D:1      | XOM: silly message
   346 | D:1      | Gained mutation: Your demonic aura sometimes causes spilled
                  | blood to erupt in flames. [demonic ancestry]
   346 | D:1      | Reached XP level 2. HP: 24/24 MP: 2/2
   370 | D:1      | XOM: cloud trail
   463 | D:1      | Reached skill level 2 in Dodging
   477 | D:1      | XOM: give mutations
   477 | D:1      | Gained mutation: You are weak. (Str -2) [Xom's mischief]
   477 | D:1      | Gained mutation: You have a pair of small horns on your
                  | head. [Xom's mischief]
   477 | D:1      | Gained mutation: You are dopey. (Int -2) [Xom's mischief]
   585 | D:1      | XOM: 1-stop teleportation journey
   679 | D:1      | Noticed a killer bee
   679 | D:1      | a bat changed into a killer bee
   682 | D:1      | HP: 6/24 [killer bee (5)]
   683 | D:1      | Lost mutation: You are weak. (Str -2) [potion of mutation]
   683 | D:1      | Lost mutation: You have a pair of small horns on your head.
                  | [potion of mutation]
   683 | D:1      | Gained mutation: You are partially covered in large bone
                  | plates. (SH +4) [potion of mutation]
   683 | D:1      | Gained mutation: You tend to lose your temper in combat.
                  | [potion of mutation]
   683 | D:1      | Gained mutation: You are very dopey. (Int -4) [potion of
                  | mutation]
   683 | D:1      | Gained mutation: Your flesh is heat resistant. (rF+)
                  | [potion of mutation]
   687 | D:1      | HP: 2/24 [killer bee (5)]
   688 | D:1      | Succumbed to a killer bee's poison

Vanquished Creatures
  2 ball pythons (D:1)
  2 endoplasms (D:1)
  6 giant cockroaches (D:1)
  2 goblins (D:1)
  A hobgoblin (D:1)
  A frilled lizard (D:1)
  2 rats (D:1)
16 creatures vanquished.

Table legend:
 A = Non-vault XP
 B = Vault XP
 C = Vault XP percentage of total XP
 D = Non-vault monster count
 E = Vault monster count
 F = Vault count percentage of total count
                 A         B        C        D         E       F
            +---------+---------+-------+---------+---------+-------
      Total |      27 |       0 |   0.0 |      16 |       0 |   0.0
            +---------+---------+-------+---------+---------+-------
        D:1 |      27 |       0 |   0.0 |      16 |       0 |   0.0
            +---------+---------+-------+---------+---------+-------

Illustrated notes

Table legend:
 A = Kills in this place as a percentage of kills in entire the game.
 B = Kills by you in this place as a percentage of kills by you in the entire game.
 C = Kills by friends in this place as a percentage of kills by friends in the entire game.
 D = Other kills in this place as a percentage of other kills in the entire game.
 E = Experience gained in this place as a percentage of experience gained in the entire game.
 F = Experience gained in this place divided by the number of levels of this place that you have seen.
                   A       B       C       D       E      F
               +-------+-------+-------+-------+-------+----------------------
         Total | 100.0 | 100.0 |   N/A |   N/A | 100.0 |  27.0
       Dungeon | 100.0 | 100.0 |   N/A |   N/A | 100.0 |  27.0
               +-------+-------+-------+-------+-------+----------------------

Table legend: (Time is in decaauts)
 A = Elapsed time spent in this place.
 B = Non-inter-level travel time spent in this place.
 C = Inter-level travel time spent in this place.
 D = Time resting spent in this place.
 E = Time spent auto-exploring this place.
 F = Levels seen in this place.
 G = Mean time per level.
                   A        B        C        D        E       F      G
               +--------+--------+--------+--------+--------+-----+--------+
         Total |    686 |    686 |      0 |     52 |    497 |   1 |  686.0 |
       Dungeon |    686 |    686 |      0 |     52 |    497 |   1 |  686.0 |
               +--------+--------+--------+--------+--------+-----+--------+

Top non-repeatable levels by time:
     D:1: 686 daAuts
